 Dungeon Crawl Stone Soup version 0.22-a0-374-g5dfd9e3 (webtiles) character file.

357 Falco the Skirmisher (level 6, -2/63 HPs)
             Began as an Ogre Gladiator on Apr 26, 2018.
             Was an Initiate of Okawaru.
             Slain by Menkaure (18 damage)
             ... on level 4 of the Dungeon.
             The game lasted 00:19:29 (4810 turns).

Falco the Skirmisher (Ogre Gladiator)               Turns: 4810, Time: 00:19:30

Health: -2/63      AC:  3    Str: 21    XL:     6   Next: 64%
Magic:  6/6        EV: 11    Int:  9    God:    Okawaru [......]
Gold:   227        SH:  0    Dex: 10    Spells: 4/5 levels left

rFire    x . .     SeeInvis .   m - +1 short sword (venom)
rCold    + . .     Gourm    .   (no shield)
rNeg     . . .     Faith    .   b - +0 robe
rPois    .         Spirit   .   c - +0 hat
rElec    .         Reflect  .   (no cloak)
rCorr    .         Harm     .   (gloves unavailable)
MR       .....                  (boots unavailable)
Stlth    +.........             (no amulet)
HPRegen  0.20/turn              v - ring of ice
MPRegen  0.10/turn              (no ring)

@: hasted, very quick
A: large, unfitting armour, tough skin 1
a: Renounce Religion


You were on level 4 of the Dungeon.
You worshipped Okawaru.
Okawaru was noncommittal.
You were not hungry.

You visited 1 branch of the dungeon, and saw 4 of its levels.

You collected 227 gold pieces.

Inventory:

Hand Weapons
 a - a +0 war axe
 l - a +0 hunting sling
 m - a +1 short sword of venom (weapon)
 o - a +0 hunting sling
 q - a +2 dagger of speed
 r - a +0 whip of electrocution
Missiles
 p - 78 stones (quivered)
 u - 10 poisoned needles
Armour
 b - a +0 robe (worn)
 c - a +0 hat (worn)
Jewellery
 v - a ring of ice (left hand)
 x - an uncursed amulet of harm {unknown}
Scrolls
 d - a scroll of enchant armour {unknown}
 e - 5 scrolls of identify
 i - a scroll of immolation {unknown}
 k - 3 scrolls of remove curse {unknown}
 t - 3 scrolls of amnesia {unknown}
 y - a scroll of random uselessness {unknown}
 z - a scroll of teleportation {unknown}
Potions
 g - a potion of curing
 h - a potion of ambrosia {unknown}
 j - a potion of mutation {unknown}
 n - a potion of haste
 s - 2 potions of lignification {unknown}
 w - 2 potions of agility {unknown}
 A - a potion of flight {unknown}
Comestibles
 f - 6 rations


   Skills:
 + Level 4.6 Fighting
 + Level 3.0 Short Blades
 + Level 4.1 Axes
 + Level 2.3 Throwing
 + Level 3.8 Dodging
 + Level 0.7 Stealth


You had 4 spell levels left.
You knew the following spells:

 Your Spells              Type           Power        Failure   Level  Hunger
a - Magic Dart            Conj           #...         38%         1    ##.....


Dungeon Overview and Level Annotations

Branches:
Dungeon (4/15)             Temple (0/1) D:4

Altars:
Hepliaklqana
Okawaru
Ru
Wu Jian
Xom
Zin

Shops:
D:4 *

Annotations:
D:4 Menkaure


Innate Abilities, Weirdness & Mutations

You are too large for most types of armour.
You have tough skin. (AC +1)


Message History

Menkaure hits you.
You hit Menkaure but do no damage.
Menkaure is moderately damaged.
Menkaure hits you!
You are too injured to fight recklessly!
You are too injured to fight recklessly!
Okay, then.
As you read the scroll labeled CAUTEANNOJU, it crumbles to dust.
It is a scroll of identify.
g - 4 potions of curing Menkaure hits you!
* * * LOW HITPOINT WARNING * * *
You feel better.
Menkaure points at you and mumbles some strange words.
You struggle to resist.
Menkaure barely misses you.
You feel better. Menkaure hits you!
* * * LOW HITPOINT WARNING * * *
You feel better. Menkaure barely misses you.
You feel yourself speed up. Menkaure hits you!!
You die...

...#.............................
...#.............................
...###'#......#####'##..)..#+##..
...##..#......#......+.....# +..
.......#......#......#.....# #..
.......#......#..###+#.....# #..
...##..#......#..## #....## ##.
...##..##..[..#...# #....# +.
...+....#.....#.@.# #..... ....
...#....#....<#.M.# #....# .....
##+##..##.....#..## #....#......
...#####......#..# #....# ....#
#......#... #.... ....#
#......#... ...## #......####
#+#.##########. ........# .


You could see Menkaure.

Vanquished Creatures
  A crimson imp (D:4)
  An orc priest (D:3)
  Jessica (D:3)
  A worker ant (D:4)
  Robin (D:2)
  9 gnolls
  3 adders
  3 worms
  4 dart slugs
  2 leopard geckos
  10 orcs (D:3)
  3 giant cockroaches (D:1)
  17 goblins
  7 hobgoblins
  A quokka (D:2)
  12 bats
  5 frilled lizards
  10 kobolds
  5 rats
96 creatures vanquished.

Notes
Turn   | Place    | Note
-------+----------+-------------------------------------------
     0 | D:1      | Falco the Ogre Gladiator began the quest for the Orb.
     0 | D:1      | Reached XP level 1. HP: 22/22 MP: 1/1
    28 | D:1      | Reached XP level 2. HP: 21/29 MP: 2/2
   487 | D:1      | Reached XP level 3. HP: 31/37 MP: 3/3
  1282 | D:2      | Learned a level 1 spell: Magic Dart
  1576 | D:2      | Found a sacrificial altar of Ru.
  1623 | D:2      | Noticed Robin
  1645 | D:2      | Killed Robin
  1645 | D:2      | Reached XP level 4. HP: 22/45 MP: 4/4
  2140 | D:2      | Found an iron altar of Okawaru.
  2153 | D:2      | Became a worshipper of Warmaster Okawaru
  2205 | D:2      | Reached skill level 1 in Short Blades
  2205 | D:2      | Reached XP level 5. HP: 39/53 MP: 5/5
  2482 | D:2      | Found an ornate altar of the Wu Jian Council.
  2983 | D:2      | Found a glowing silver altar of Zin.
  3767 | D:3      | Reached XP level 6. HP: 62/62 MP: 6/6
  3896 | D:3      | Noticed Jessica
  3906 | D:3      | Killed Jessica
  3911 | D:3      | Found a faded altar of an unknown god.
  4581 | D:4      | Found a hazy altar of Hepliaklqana.
  4582 | D:4      | Found a shimmering altar of Xom.
  4583 | D:4      | Noticed a spectral ugly thing
  4590 | D:4      | Found Coniti's General Store.
  4599 | D:4      | Found a staircase to the Ecumenical Temple.
  4797 | D:4      | Noticed Menkaure
  4810 | D:4      | Slain by Menkaure

Vault maps used:
D:1:      lemuel_arrival_lava_pool, minivault_4, minivault_19
D:2:      overflow_temple_1_default, lemuel_coloured_pillars_altar,
          nicolae_ru_sacrificial_ziggurat, zin_treasury, uniq_robin
D:3:      chequers_ecumenical_altar_island, uniq_jessica
D:4:      regret_index_temple_of_mockery, minmay_temple_entry_hall,
          serial_shops, shop, first_ration, minivault_19, minmay_misc_feat_x,
          uniq_menkaure

Skill      XL: |  1  2  3  4  5  6 |
---------------+-------------------+-----
Dodging        | 3 |  3.8
Fighting       | 3 4 |  4.6
Axes           | 4 |  4.1
Short Blades   | 1 2 3 |  3.0
Throwing       | |  2.3
Stealth        | |  0.7

Action                   |  1- 3 |  4- 6 || total
-------------------------+-------+-------++-------
Melee: War axe           |    91 |       ||    91
       Short sword       |    21 |   182 ||   203
Throw: Throwing net      |       |     4 ||     4
  Use: Potion            |       |     4 ||     4
       Scroll            |       |     1 ||     1
 Stab: Held in net/web   |       |     1 ||     1
       Sleeping          |       |     2 ||     2
  Eat: Ration            |     1 |     3 ||     4
Armor: Robe              |    43 |    18 ||    61
Dodge: Dodged            |    80 |    77 ||   157

Table legend:
 A = Spawn XP
 B = Non-spawn XP
 C = Spawn XP percentage of total XP
 D = Spawn monster count
 E = Non-spawn monster count
 F = Spawn count percentage of total count
 G = Total turns spent on level
                    A         B        C        D         E        F      G
               +---------+---------+-------+---------+---------+-------+---------
         Total |       0 |     511 |   0.0 |       0 |      96 |   0.0 |  4810
               +---------+---------+-------+---------+---------+-------+---------
           D:1 |       0 |      50 |   0.0 |       0 |      28 |   0.0 |  1131
           D:2 |       0 |     157 |   0.0 |       0 |      30 |   0.0 |  1898
           D:3 |       0 |     202 |   0.0 |       0 |      33 |   0.0 |  1101
           D:4 |       0 |     102 |   0.0 |       0 |       5 |   0.0 |   680
               +---------+---------+-------+---------+---------+-------+---------
